AoeStats
← ZEKTARSTEK

Arabia

508360151Analyzed
2v2 RM · 10d ago on Sep 22, 2026· 40m 6s· 4 players
Game mode
Random Map
Map size
Medium (4 player)
Population
200
Speed
Normal
Resources
Standard
Victory
Conquest
Starting age
Dark Age
Ending age
Imperial Age
RankedLock teamsTeams togetherTeam positionsShared explorationLock speedFull tech treeHidden civsTurbo modeCheats
Victory
Defeat
🇲🇽 Franks · Mexico
969
+16
🇲🇽 Byzantines · Mexico
961
+16
🇦🇺 Khmer · Australia
982
-17
🇲🇽 Franks · Mexico
937
-15
ZEKTARSTEK
8:37 Loom
10:28 Feudal Age
8:44 Loom
22:45 Castle Age
22:10 Double-Bit Axe
28:16 Scale Barding Armor
34:17 Bow Saw
42:32 Imperial Age
YIBI
0:26 Loom
11:26 Feudal Age
12:44 Wheelbarrow
11:55 Double-Bit Axe
12:07 Horse Collar
17:22 Forging
18:12 Scale Barding Armor
19:14 Stone Mining
19:36 Fletching
23:44 Gold Mining
27:38 Castle Age
26:18 Padded Archer Armor
27:53 Pikeman
28:42 Thumb Ring
28:49 Bow Saw
31:19 Gold Shaft Mining
33:19 Husbandry
34:22 Bodkin Arrow
38:57 Heavy Plow
38:34 Elite Skirmisher
39:39 Leather Archer Armor
40:32 Iron Casting
MARC05007
0:36 Loom
11:45 Feudal Age
14:02 Forging
14:49 Scale Barding Armor
18:19 Wheelbarrow
22:12 Double-Bit Axe
25:34 Castle Age
23:55 Gold Mining
24:40 Fletching
25:47 Stone Mining
26:45 Chain Barding Armor
26:07 Man-at-Arms
27:37 Light Cavalry
29:00 Gold Shaft Mining
28:04 Long Swordsman
31:17 Scale Mail Armor
36:06 Coinage
35:02 Pikeman
38:52 Hand Cart
Penguins1891
6:38 Loom
8:58 Feudal Age
9:43 Double-Bit Axe
14:58 Forging
15:47 Horse Collar
16:22 Bloodlines
17:24 Wheelbarrow
21:18 Castle Age
19:24 Gold Mining
20:02 Scale Barding Armor
21:59 Fletching
22:30 Chain Barding Armor
21:34 Light Cavalry
22:15 Husbandry
22:22 Crossbowman
27:51 Bodkin Arrow
28:31 Iron Casting
28:49 Padded Archer Armor
Connection lost

Rejoining the realm…

Still unreachable

The connection could not be restored.

Session expired

The server has moved on; the page needs a fresh start.